 Dungeon Crawl Stone Soup version 0.19.5 (webtiles) character file.

268 MovingMist the Ducker (level 6, -3/42 HPs)
             Began as a High Elf Gladiator on Apr 6, 2017.
             Slain by a crocodile (8 damage)
             ... in a sewer.
             The game lasted 00:06:50 (2615 turns).

MovingMist the Ducker (High Elf Gladiator)          Turns: 2615, Time: 00:06:51

Health: -3/42      AC:  6    Str: 14    XL:     6   Next: 1%
Magic:  7/7        EV: 13    Int: 12    God:
Gold:   96         SH:  4    Dex: 18    Spells: 0 memorised, 5 levels left

rFire  + . .     SeeInvis +     a - +0 long sword
rCold  . . .     Gourm    .     i - +0 ring mail (curse)
rNeg   . . .     Faith    .     A - +0 buckler
rPois  .         Spirit   .     c - +0 helmet
rElec  .         Reflect  .     (no cloak)
rCorr  .         Harm     .     (no gloves)
MR     .....                    (no boots)
Stlth  +.........               (no amulet)
                                o - ring of protection from fire
                                r - ring of see invisible

@: no status effects
A: no striking features
a: no special abilities


You were in a sewer.
You were not hungry.

You visited 1 branch of the dungeon, and saw 4 of its levels.
You also visited: Sewer.

You collected 96 gold pieces.

Inventory:

Hand Weapons
 a - a +0 long sword (weapon)
Missiles
 d - 3 throwing nets (quivered)
Armour
 c - a +0 helmet (worn)
 i - a cursed +0 ring mail (worn)
 v - a +0 helmet
 A - a +0 buckler (worn)
Jewellery
 o - a ring of protection from fire (right hand)
 r - a ring of see invisible (left hand)
Scrolls
 e - 4 scrolls of remove curse {unknown}
 h - 4 scrolls of identify {unknown}
 m - 2 scrolls of amnesia {unknown}
 p - a scroll of magic mapping {unknown}
 t - a scroll of noise {unknown}
 u - a scroll of immolation {unknown}
 w - 2 scrolls of recharging {unknown}
 y - 2 scrolls of teleportation {unknown}
Potions
 j - a potion of haste
 k - 4 potions of degeneration {unknown}
 l - a potion of mutation {unknown}
 q - a potion of might {unknown}
 x - a potion of beneficial mutation {unknown}
 z - a potion of heal wounds {unknown}
 B - a potion of agility {unknown}
Miscellaneous
 g - a phial of floods
Comestibles
 b - 4 chunks of flesh
 f - 2 bread rations
 n - 2 meat rations
 s - a beef jerky


   Skills:
 + Level 3.5 Fighting
 + Level 5.1 Long Blades
 - Level 2.0 Throwing
 * Level 5.7 Dodging


You had 5 spell levels left.
You didn't know any spells.

Dungeon Overview and Level Annotations

Branches:
Dungeon (4/15)
 Temple: D:4-7

Altars:
Dithmenos
The Shining One


Message History

Found a scroll labeled MOW OWNEJING.
Your shield and ring mail prevent you from hitting the crocodile.
The crocodile bites you.
You closely miss the crocodile. The crocodile closely misses you.
The crocodile bites you!
You hit the crocodile.
The crocodile is lightly wounded.
The crocodile bites you!
You hit the crocodile.
The crocodile is moderately wounded.
The crocodile bites you!
* * * LOW HITPOINT WARNING * * *
You hit the crocodile.
The crocodile is heavily wounded.
The crocodile barely misses you.
You riposte.
You hit the crocodile.
The crocodile is heavily wounded.
You hit the crocodile.
The crocodile is severely wounded.
The crocodile bites you!
You die...

######## #
###......### #
###.....≈....### #
###.....####≈...≈##.?#
###....≈### ###@t≈.≈#
.≈...≈.## ##≈≈≈...#
###.....# ....### #
###.≈≈≈≈# ..##.%# #
###..≈.. ### $# #
##.≈. # ###


You could see a crocodile.

Vanquished Creatures
  A centaur (D:3)
  A quasit (D:3)
  A worker ant (D:4)
  Robin (D:2)
  3 adders
  3 worms (D:3)
  A dart slug (D:1)
  5 orcs
  2 ball pythons
  8 bats
  5 giant cockroaches
  3 hobgoblins (D:2)
  7 jackals
  6 kobolds
  A quokka (D:3)
  3 frilled lizards
  15 goblins
  11 rats
77 creatures vanquished.

Notes
Turn   | Place    | Note
-------+----------+-------------------------------------------
     0 | D:1      | MovingMist the High Elf Gladiator began the quest for the Orb.
     0 | D:1      | Reached XP level 1. HP: 14/14 MP: 2/2
   226 | D:1      | Reached XP level 2. HP: 17/19 MP: 3/3
   666 | D:2      | Found a shadowy altar of Dithmenos.
   861 | D:2      | Found a glowing golden altar of the Shining One.
   940 | D:2      | Reached XP level 3. HP: 22/25 MP: 4/4
  1044 | D:2      | Noticed Robin
  1057 | D:2      | Killed Robin
  1617 | D:2      | Reached XP level 4. HP: 12/30 MP: 5/5
  1944 | D:3      | Found a faded altar of an unknown god.
  1977 | D:3      | Noticed a centaur
  1986 | D:3      | Killed a centaur
  1986 | D:3      | Reached skill level 5 in Dodging
  1986 | D:3      | Reached XP level 5. HP: 20/36 MP: 6/6
  2040 | D:3      | Reached skill level 5 in Long Blades
  2530 | D:4      | Found a glowing drain.
  2536 | Sewer    | Entered a sewer
  2549 | Sewer    | Reached XP level 6. HP: 35/42 MP: 7/7
  2615 | Sewer    | Slain by a crocodile

Skill      XL: |  1  2  3  4  5 |
---------------+----------------+-----
Dodging        | 4 5 |  5.7
Long Blades    | 4 5 |  5.1
Fighting       | 3 |  3.5
Throwing       | |  2.0

Action                   |  1- 3 |  4- 6 || total
-------------------------+-------+-------++-------
Melee: Long sword        |   113 |   132 ||   245
  Eat: Chunk             |     2 |     4 ||     6
Armor: Ring mail         |    48 |    48 ||    96
       Leather armour    |     2 |       ||     2
Dodge: Dodged            |    87 |    98 ||   185
Block: Buckler           |       |    12 ||    12
       Rpst.: Long sword |    24 |    33 ||    57
